 Dungeon Crawl Stone Soup version 0.27.1-2-g3b301248ec (webtiles) character file.

Game seed: 1677015347885986148

26 Eitelfritz the Magician (level 3, 0/25 HPs)
             Began as a Djinni Fire Elementalist on Oct 1, 2021.
             Slain by Terence (11 damage)
             ... on level 2 of the Dungeon.
             The game lasted 00:07:05 (1584 turns).

Eitelfritz the Magician (Djinni Fire Elementalist)  Turns: 1584, Time: 00:07:06

Health: 0/25       AC:  2    Str:  7    XL:     3   Next: 22%
Gold:   47         EV: 12    Int: 17    God:
                   SH:  0    Dex: 13

rFire    + + .     SeeInvis .   a - +0 long sword
rCold    x . .     Faith    .   (no shield)
rNeg     . . .     Spirit   .   c - +0 robe
rPois    ∞         Reflect  .   (no helmet)
rElec    .         Harm     .   (no cloak)
rCorr    .         Rampage  .   (no gloves)
Will     .....                  (boots unavailable)
Stlth    ++........             (no amulet)
HPRegen  0.08/turn              (no ring)
MPRegen  0.00/turn              (no ring)

@: flying
A: sickness immunity, fire resistance 2, cold vulnerability 1, float, innate
caster, hp casting, extra vitality 1
a: no special abilities


You were on level 2 of the Dungeon.
You visited 1 branch of the dungeon, and saw 2 of its levels.

You collected 47 gold pieces.

Inventory:

Hand Weapons
 a - a +0 long sword (weapon)
Missiles
 g - a throwing net
 j - 18 poisoned darts
Armour
 c - a +0 robe (worn)
Scrolls
 d - a scroll of amnesia {unknown}
 e - a scroll of enchant weapon {unknown}
 h - a scroll of identify {unknown}
 i - a scroll of fear {unknown}
Potions
 b - a potion of lignification {unknown}
 f - a potion of resistance {unknown}
 k - a potion of brilliance {unknown}
 l - a potion of curing
 m - a potion of heal wounds {unknown}


   Skills:
 + Level 0.2 Fighting
 + Level 0.4 Long Blades
 + Level 2.6 Dodging
 + Level 1.6 Stealth
 + Level 2.9 Spellcasting


You couldn't memorise any spells.
You knew the following spells:

 Your Spells              Type           Power      Damage    Failure   Level
a - Foxfire               Conj/Fire      48%        2x1d6     5%          1
b - Conjure Flame         Conj/Fire      12%        6-21      16%         3
c - Inner Flame           Hex/Fire       12%        N/A       16%         3
d - Sticky Flame          Conj/Fire      12%        2d4       45%         4
e - Fireball              Conj/Fire      6%         3d5       82%         5
f - Shock                 Conj/Air       48%        1d6       5%          1
Your spell library was empty.

Dungeon Overview and Level Annotations

Branches:
Dungeon (2/15)

Altars:
Kikubaaqudgha

Annotations:
D:2 Terence


Innate Abilities, Weirdness & Mutations

You are immune to sickness and miasma.
You are immune to poison.
Your flesh is very heat resistant. (rF++)
You are vulnerable to cold. (rC-)
You float through the air rather than walking.
You learn spells naturally, not from books.
Your magical power is your life essence.
You have superior vitality. (+4 HP)


Message History

You conjure some foxfire!
Terence closely misses you.
The foxfire hits Terence but does no damage.
Terence is heavily wounded.
The foxfire hits Terence but does no damage.
Terence is heavily wounded.
Casting: Foxfire (safe; 5% risk of failure)
Confirm with . or Enter, or press ? or * to list all spells.
You conjure some foxfire!
Terence hits you but does no damage.
The foxfire hits Terence but does no damage.
Terence is heavily wounded.
The foxfire hits Terence.
Terence is heavily wounded.
Casting: Foxfire (safe; 5% risk of failure)
Confirm with . or Enter, or press ? or * to list all spells.
You don't know that spell.
Casting: Foxfire (safe; 5% risk of failure)
Confirm with . or Enter, or press ? or * to list all spells.
You conjure some foxfire!
Terence hits you with a +0 flail!
The foxfire hits Terence but does no damage.
Terence is heavily wounded.
The foxfire hits Terence but does no damage.
Terence is heavily wounded.
Terence hits you with a +0 flail.
You hit Terence but do no damage.
Terence is heavily wounded.
Terence hits you with a +0 flail!
* * * LOW HITPOINT WARNING * * *
Terence barely misses you.
Terence screams, "I'm going to kill you!"
You see here 22 stones.
Terence says, "How do you enjoy it?"
There is an open door here.
Terence shouts, "Get ready for death!"
It was a potion of curing.
You feel better. Terence closely misses you.
You riposte.
You hit Terence.
Terence is heavily wounded.
You closely miss Terence.
Terence is heavily wounded.
Terence hits you with a +0 flail!
You die...

#.# ##### #.# #.... #.#
#.### #.# #.#.. ######
##'#### #...< #....#
#.....# ##### #.##.#
#.....# #....
#.##.#######.....# #.###
#.##.....@@......# #.#
#.....#####....>.# #.#
#####.#.#........#####.#
#...#......[.'.....#
###.#..#.....#######
#.#..#.....#
#.#..........
#.##.########. #....#


You could see Terence.

Vanquished Creatures
  4 ball pythons
  2 endoplasms (D:1)
  2 goblins (D:1)
  3 hobgoblins (D:1)
  4 quokkas (D:1)
  4 bats (D:1)
  3 frilled lizards
  2 rats (D:1)
24 creatures vanquished.

Vanquished Creatures (others)
  14 foxfires
14 creatures vanquished.

Grand Total: 38 creatures vanquished

Notes
Turn   | Place    | Note
-------+----------+-------------------------------------------
     0 | D:1      | Eitelfritz the Djinni Fire Elementalist began the quest for
                  | the Orb.
     0 | D:1      | Reached XP level 1. HP: 15/15 MP: 0/0
   262 | D:1      | Reached XP level 2. HP: 21/21 MP: 0/0
   902 | D:1      | Reached XP level 3. HP: 24/25 MP: 0/0
   902 | D:1      | Learned a level 1 spell: Shock
  1537 | D:2      | Noticed Terence
  1549 | D:2      | HP: 1/25 [Terence (10)]
  1584 | D:2      | Slain by Terence

Illustrated notes

Levels and vault maps discovered:
D:1:      dpeg_arrival_fog, layout_loops_corners, minmay_tetromino_l4
D:2:      layout_basic, basic_altar, skrybe_limestone_x, uniq_terence,
          uniq_crazy_yiuf_cottage

Action                   || total
-------------------------++-------
Melee: Long sword        ||    44
 Cast: Foxfire           ||    10
  Use: Potion            ||     1
 Stab: Sleeping          ||     4
Armor: Robe              ||     9
Dodge: Dodged            ||    43
       Rpst.: Long sword ||    16
